 Dungeon Crawl Stone Soup version 0.25-a0-713-g4845790874 (webtiles) character file.

Game seed: 2418381656470296808, levelgen mode: deterministic

653 MisterFreud the Nimble (level 7, 0/33 HPs)
             Began as a Felid Berserker on Apr 5, 2020.
             Was a Priest of Trog.
             Slain by a worker ant (3 damage)
             ... on level 6 of the Dungeon.
             The game lasted 00:08:53 (5612 turns).

MisterFreud the Nimble (Felid Berserker)            Turns: 5612, Time: 00:08:53

Health: 0/33       AC:  2    Str: 13    XL:     7   Next: 29%
Magic:  8/8        EV: 26    Int:  9    God:    Trog [***...]
Gold:   139        SH:  0    Dex: 17    Spells: 6/6 levels left
                                        Lives:  0   Deaths: 2

rFire    . . .     SeeInvis +     - Unarmed
rCold    . . .     Gourm    .   (shield unavailable)
rNeg     . . .     Faith    .   (armour unavailable)
rPois    .         Spirit   .   (helmet unavailable)
rElec    .         Reflect  .   (cloak unavailable)
rCorr    +         Harm     .   (gloves unavailable)
MR       +....                  (boots unavailable)
Stlth    ++++......             (no amulet)
HPRegen  0.11/turn              e - ring of resist corrosion
MPRegen  0.11/turn              (no ring)

@: lethally poisoned (0 -> -4), quick
A: very small, no armour, no weapons or thrown items, stealth, claws 1, fangs 3,
see invisible, carnivore, speed 1, shaggy fur 2, slow metabolism 1, sharp paws
a: Berserk, Trog's Hand, Renounce Religion


You were on level 6 of the Dungeon.
You worshipped Trog.
Trog was most pleased with you.
You were completely stuffed.

You visited 1 branch of the dungeon, and saw 6 of its levels.

You collected 139 gold pieces.

Inventory:

Jewellery
 e - a ring of resist corrosion (left paw)
Wands
 f - a wand of random effects (7)
Scrolls
 b - 2 scrolls of teleportation
 d - 3 scrolls of blinking
 g - a scroll of fog
Potions
 c - a potion of flight {unknown}
 h - 2 potions of stabbing
 i - 2 potions of curing {unknown}
 j - a potion of mutation {unknown}
 m - a potion of lignification
Comestibles
 a - 12 rations


   Skills:
 + Level 5.5 Fighting
 + Level 10.5 Dodging
 + Level 6.2 Stealth
 + Level 5.6 Unarmed Combat


You had 6 spell levels left.
You didn't know any spells.
Your spell library was empty.

Dungeon Overview and Level Annotations

Branches:
Dungeon (6/15)
 Temple: D:4-7

Altars:
Dithmenos
Makhleb
Qazlal
Ru
Zin

Shops:
D:5 %


Innate Abilities, Weirdness & Mutations

You cannot wear armour.
You are incapable of wielding weapons or throwing items.
Your paws allow you to move quietly. (Stealth)
You have sharp claws.
You have razor-sharp teeth.
You have supernaturally acute eyesight. (SInv)
You are carnivorous and can eat meat at any time.
You cover ground quickly.
You are covered in thick fur. (AC +2)
You have a slow metabolism.
Your sharp claws are effective at attacking unaware monsters.


Message History

You kill the bullfrog!
Trog accepts your kill.
* * * LOW HITPOINT WARNING * * *
You feel sick. The worker ant completely misses you.
You scratch the worker ant but do no damage.
The worker ant completely misses you.
You claw the worker ant!
You bite the worker ant, but do no damage.
The worker ant is severely wounded.
* * * LOW HITPOINT WARNING * * *
You feel sick. The worker ant misses you. x2
You scratch the worker ant but do no damage.
You bite the worker ant, but do no damage.
The worker ant is severely wounded.
The worker ant completely misses you.
You closely miss the worker ant.
The worker ant is severely wounded.
* * * LOW HITPOINT WARNING * * *
You feel sick. The worker ant bites you.
You die...

......##.#
............#.# .
............>.# ####.
......$...#.)# ####.... .
#.....(...).####.......
..#.........#(.#......#..
#.......###.##...........
.......a.##.##...........
#..@...........รท....
###$...##.(..).)....
#.#...............
#.##.#............
#......##.....)...
##.#..............
#...###>.########
.#.##...# # .. ....## #


You could see a worker ant.

Vanquished Creatures
  A yak (D:5)
  Eustachio (D:4)
  Duvessa (D:4)
  An ice beast (D:6)
  An ogre (D:5)
  A centaur (D:6)
  2 bullfrogs (D:6)
  Dowan (D:4)
  A howler monkey (D:3)
  3 crimson imps
  2 orc priests
  A centaur zombie (D:6)
  3 hounds
  A jelly (D:5)
  4 orc wizards
  4 worker ants
  Natasha (thrice) (D:4)
  A killer bee zombie (D:6)
  6 adders
  3 oozes
  2 worms (D:2)
  3 dart slugs
  3 leopard geckos
  4 orcs
  2 ball pythons
  7 giant cockroaches
  4 goblins
  3 hobgoblins (D:2)
  11 jackals
  9 kobolds
  2 quokkas
  5 bats
  A frilled lizard (D:3)
  A jackal skeleton (D:3)
  A quokka skeleton (D:4)
  5 rats
104 creatures vanquished.

Notes
Turn   | Place    | Note
-------+----------+-------------------------------------------
     0 | D:1      | MisterFreud the Felid Berserker began the quest for the
                  | Orb.
     0 | D:1      | Reached XP level 1. HP: 10/10 MP: 2/2
   101 | D:1      | Reached XP level 2. HP: 14/14 MP: 3/3
   557 | D:1      | You fall into a shaft and drop 1 floor!
   628 | D:2      | Reached XP level 3. HP: 18/18 MP: 4/4
  1370 | D:2      | Reached ** piety under Trog
  1814 | D:2      | Reached XP level 4. HP: 21/22 MP: 5/5
  2032 | D:3      | Reached skill level 5 in Fighting
  2629 | D:3      | Reached skill level 1 in Stealth
  3014 | D:3      | Found a glowing silver altar of Zin.
  3042 | D:3      | Reached XP level 5. HP: 17/26 MP: 6/6
  3310 | D:4      | Reached skill level 5 in Dodging
  3429 | D:4      | Noticed Duvessa
  3429 | D:4      | Noticed Dowan
  3431 | D:4      | Killed Dowan
  3431 | D:4      | Gained mutation: You are covered in thick fur. (AC +2)
                  | [Felid growth]
  3431 | D:4      | Reached XP level 6. HP: 30/30 MP: 7/7
  3471 | D:4      | Killed Duvessa
  3644 | D:4      | Found a shadowy altar of Dithmenos.
  3763 | D:4      | Noticed Eustachio
  3772 | D:4      | Killed Eustachio
  3772 | D:4      | Reached skill level 6 in Dodging
  3772 | D:4      | Reached XP level 7. HP: 33/33 MP: 8/8
  3927 | D:4      | Reached skill level 5 in Stealth
  3974 | D:4      | Noticed Natasha
  3988 | D:4      | Killed Natasha
  3992 | D:4      | Reached skill level 5 in Unarmed Combat
  4254 | D:4      | Noticed Natasha
  4264 | D:4      | Killed Natasha
  4326 | D:4      | Reached skill level 7 in Dodging
  4365 | D:4      | Noticed Natasha
  4374 | D:4      | Killed Natasha
  4444 | D:5      | Entered Level 5 of the Dungeon
  4451 | D:5      | Found a sacrificial altar of Ru.
  4565 | D:5      | Found a stormy altar of Qazlal.
  4664 | D:5      | Reached skill level 8 in Dodging
  4734 | D:5      | Found a burning altar of Makhleb.
  5010 | D:5      | Found Deilynyg's Food Emporium.
  5160 | D:5      | Reached skill level 9 in Dodging
  5223 | D:5      | Reached XP level 8. HP: 37/37 MP: 9/9
  5400 | D:5      | Slain by a yak
  5401 | D:5      | Reached XP level 7. HP: -3/33 MP: 8/8
  5419 | D:5      | Killed a yak
  5465 | D:6      | Reached skill level 10 in Dodging
  5518 | D:6      | Reached XP level 8. HP: 31/37 MP: 9/9
  5537 | D:6      | Slain by an ogre
  5538 | D:6      | Reached XP level 7. HP: -5/33 MP: 8/8
  5556 | D:6      | Reached *** piety under Trog
  5612 | D:6      | Slain by a worker ant

Levels and vault maps discovered:
D:1:      minmay_arrival_jagged, layout_basic
D:2:      layout_loops_cross
D:3:      layout_loops_corners, overflow_temple_1_default
D:4:      layout_loops_ring, old_standard_altar, first_ration,
          grunt_ministairs_7, minmay_manual_mullet, uniq_eustachio,
          uniq_duvessa, uniq_natasha
D:5:      layout_basic, overflow_temple_1_default, kennysheep_mini,
          serial_shops, kennysheep_little_box,
          nicolae_ru_great_annihilating_truth
D:6:      minmay_spotlight, layout_rooms, eat_drink_and_be_merry_uskayaw,
          grunt_temple_overflow_open, basic_altar

Skill      XL: |  1  2  3  4  5  6  7 |
---------------+----------------------+-----
Fighting       | 4 5 |  5.5
Stealth        | 2 3 4 6 |  6.2
Dodging        | 5 6 10 | 10.5
Unarmed Combat | 4 5 |  5.6

Action                   |  1- 3 |  4- 6 |  7- 9 || total
-------------------------+-------+-------+-------++-------
Melee: Unarmed           |    88 |   113 |   183 ||   384
       Bite              |    15 |    14 |    19 ||    48
       Punch             |     3 |     2 |     5 ||    10
Invok: Berserk           |     4 |     4 |     7 ||    15
       Trog's Hand       |       |     2 |       ||     2
Evoke: Wand              |       |       |     1 ||     1
  Use: Potion            |       |     2 |       ||     2
       Scroll            |       |       |    10 ||    10
 Stab: Sleeping          |     4 |     6 |    10 ||    20
       Invisible         |       |     1 |       ||     1
       Paralysed         |       |       |     1 ||     1
  Eat: Chunk             |     9 |     6 |    27 ||    42
Armor: Skin              |     5 |     6 |     2 ||    13
Dodge: Dodged            |    79 |    98 |   160 ||   337

Table legend:
 A = Non-vault XP
 B = Vault XP
 C = Vault XP percentage of total XP
 D = Non-vault monster count
 E = Vault monster count
 F = Vault count percentage of total count
                 A         B        C        D         E       F
            +---------+---------+-------+---------+---------+-------
      Total |    1592 |     746 |  31.9 |      90 |      14 |  13.5
            +---------+---------+-------+---------+---------+-------
        D:1 |      31 |       0 |   0.0 |      13 |       0 |   0.0
        D:2 |      70 |       0 |   0.0 |      21 |       0 |   0.0
        D:3 |     157 |       0 |   0.0 |      21 |       0 |   0.0
        D:4 |     215 |     557 |  72.2 |       8 |       8 |  50.0
        D:5 |     583 |      57 |   8.9 |      15 |       4 |  21.1
        D:6 |     536 |     132 |  19.8 |      12 |       2 |  14.3
            +---------+---------+-------+---------+---------+-------
